Cogmind - Beta 11 X7 @@@ ROGUE MODE // 2021.10.19 @ 15:15:50 Player: arctifire Result: Self-destructed Performance ------------- Evolutions (5) 2500 Regions Visited (14) 2800 Robots Destroyed (90) 450 Value Destroyed (3700) 3700 Prototype IDs (41) 820 Alien Tech Used (0) 0 Bonus (407) 407 TOTAL SCORE: 10677 Bonus ------- High Alert Combat Kills 114 Follower Combat Kills 163 Aligned with FarCom 300 Met Data Miner 300 Friendly Fire -470 Cogmind --------- Core Integrity 612/1000 Matter 255/300 Energy 100/100 System Corruption 0% Temperature Cool (9) Movement Walking (200) Ox1 Location -5/Factory Parts ------- > --- POWER (2) -------- (None) > --- PROPULSION (5) --- Carbon-fiber Leg > --- UTILITY (6) ------ Large Storage Unit Hacking Suite Improved Hacking Suite Improved System Shield > --- WEAPON (4) ------- (None) > --- INVENTORY (15) --- Army-in-a-Box (30/30) Heart of Steel Latent Energy Streamer Peak State ------------ > --- POWER ------------ Light Fission Core Light Fission Core > --- PROPULSION ------- Improved Carbon-fiber Leg Improved Titanium Leg Armored Leg Enhanced Flexi-carbon Leg > --- UTILITY ---------- Advanced Heat Sink Large Storage Unit Improved Medium Armor Plating Focal Shield Experimental Thermal Shield > --- WEAPON ----------- Shock Rifle Shock Rifle Coil Gun Hypervelocity Gauss Rifle > --- INVENTORY -------- Hacking Suite Improved Hacking Suite Improved System Shield Army-in-a-Box Heart of Steel Latent Energy Streamer AWS/Gauss [Rating: 81] Favorites ----------- Power Light Fission Core Engine Light Ion Engine Power Core Light Fission Core Propulsion Improved Titanium Leg Treads Light Treads Leg Improved Titanium Leg Wheel Compact Wheel Hover Unit Linear Gravjet Utility Large Storage Unit Device Advanced Heat Sink Storage Large Storage Unit Processor Enhanced Optical Array Hackware Hacking Suite Protection Improved Medium Armor Plating Weapon Flak Gun Energy Gun Shock Rifle Energy Cannon Heavy Plasma Cannon Ballistic Gun Flak Gun Launcher Proton Missile Launcher Build | -11 -10 -10 -10 -9 -8 -7 -7 -7 -7 -6 -6 -6 -6 -5 ------- Run | Scr Mat Min Exi Min Mat Fac Low Low Dat Pro Fac Low Low Fac Slots Evolved 10 | . . . . . 4 2 . . . . 2 . . 2 Power 1 | . . . . . . 1 . . . . . . . . Propulsion 3 | . . . . . . 1 . . . . 1 . . 1 Utility 4 | . . . . . 2 . . . . . 1 . . 1 Weapon 2 | . . . . . 2 . . . . . . . . . Parts Attached 101 | . 7 5 2 2 10 37 1 4 . 6 16 3 . 8 Power 15 | . . 2 . . 2 7 . . . 1 3 . . . Engine 4 | . . 2 . . 1 1 . . . . . . . . Core 11 | . . . . . 1 6 . . . 1 3 . . . Reactor . | . . . . . . . . . . . . . . . Propulsion 20 | . 4 . 2 . 2 7 . . . 1 2 . . 2 Treads 6 | . 4 . . . 2 . . . . . . . . . Leg 11 | . . . . . . 7 . . . 1 2 . . 1 Wheel 2 | . . . 2 . . . . . . . . . . . Hover 1 | . . . . . . . . . . . . . . 1 Flight . | . . . . . . . . . . . . . . . Utility 31 | . 2 1 . 2 2 10 . 2 . 2 5 1 . 4 Device 16 | . 1 1 . 2 1 5 . . . 2 2 1 . 1 Storage 1 | . 1 . . . . . . . . . . . . . Processor 1 | . . . . . . . . 1 . . . . . . Hackware 7 | . . . . . 1 2 . . . . 1 . . 3 Protection 6 | . . . . . . 3 . 1 . . 2 . . . Artifact . | . . . . . . . . . . . . . . . Weapon 35 | . 1 2 . . 4 13 1 2 . 2 6 2 . 2 Energy Gun 11 | . 1 1 . . 2 1 . 1 . . 3 1 . 1 Energy Cannon 2 | . . . . . 1 . . . . . . 1 . . Ballistic Gun 21 | . . 1 . . 1 12 . 1 . 2 3 . . 1 Ballistic Cannon . | . . . . . . . . . . . . . . . Launcher 1 | . . . . . . . 1 . . . . . . . Special Weapon . | . . . . . . . . . . . . . . . Impact Weapon . | . . . . . . . . . . . . . . . Slashing Weapon . | . . . . . . . . . . . . . . . Piercing Weapon . | . . . . . . . . . . . . . . . Special Melee Weapon . | . . . . . . . . . . . . . . . Unidentified Prototypes 5 | . 1 . . . . . . . . 2 1 . . 1 Parts Lost 40 | . . . . . 3 15 . 1 . 5 2 4 . 10 Power 8 | . . . . . 1 4 . 1 . . . . . 2 Propulsion 10 | . . . . . 1 3 . . . 2 1 1 . 2 Utility 8 | . . . . . . 3 . . . 1 . 1 . 3 Weapon 14 | . . . . . 1 5 . . . 2 1 2 . 3 Highest Loss Streak 9 | . . . . . 2 8 . 1 . 2 1 4 . 9 Average Slot Usage (%) 88 | . 85 98 99 100 75 93 100 93 84 89 90 69 60 38 Engine 3 | . 14 14 14 14 4 . . . . . . . . . Core 9 | . . . . . 4 12 15 9 7 13 13 13 13 3 Treads 5 | . 11 28 16 . 10 . . . . . . . . . Leg 13 | . 16 . . . . 20 23 23 23 18 18 8 6 4 Wheel 1 | . . . 11 28 6 . . . . . . . . . Device 12 | . . 12 14 14 12 7 15 14 7 11 19 19 20 5 Storage 8 | . 14 14 14 14 9 7 7 7 7 7 6 6 6 5 Hackware 3 | . . . . . 5 10 7 4 . . . . . 9 Protection 2 | . . . . . . 2 . 2 7 1 5 2 . . Energy Gun 8 | . 14 14 14 14 17 5 7 6 7 . 12 5 6 2 Ballistic Gun 15 | . 14 14 14 14 4 23 16 14 7 21 13 8 6 4 Launcher 1 | . . . . . . . 5 7 7 4 . . . . Naked Turns . | . . . . . . . . . . . . . . . Heaviest Build 65 | 11 26 32 32 37 37 64 52 52 44 55 65 64 50 54 Greatest Support 82 | 20 40 40 40 26 40 60 56 56 56 66 82 34 16 16 Greatest Overweight (x) 11 | . . . 1 1 1 2 . . . 1 1 3 3 11 Average Overweight (x) . | . . . . 1 . . . . . . . 1 3 2 Largest Inventory Capacity 15 | 8 15 15 15 15 15 15 15 15 15 15 15 15 15 15 Average Capacity 14 | 8 10 15 15 15 15 15 15 15 15 15 15 15 15 15 Most Carried 15 | 6 8 10 15 15 15 15 15 15 15 15 15 15 15 15 Average Carried 13 | 6 6 7 11 15 14 14 14 14 15 15 14 14 12 11 Final Capacity 15 | 8 15 15 15 15 15 15 15 15 15 15 15 15 15 15 Final Carried 15 | 6 6 10 15 15 14 15 15 15 15 15 15 15 15 10 Class Distribution -------------------- 32% | Mutant 17% | Tank 13% | Scavenger-Mutant 13% | Scavenger-Skirmisher 11% | Scavenger-Tank 5% | Hacker-Gunner 3% | Scavenger-Gunner Dominant Class ---------------- Mutant | -10/Materials Mutant | -10/Mines Mutant | -10/Exiles Mutant | -9/Mines Scavenger-Mutant | -8/Materials Scavenger-Tank | -7/Factory Scavenger-Skirmisher | -7/Lower Caves Scavenger-Skirmisher | -7/Lower Caves Scavenger-Mutant | -7/Data Miner Scavenger-Mutant | -6/Proximity Caves Tank | -6/Factory Tank | -6/Lower Caves Mutant | -6/Lower Caves Hacker-Mutant | -5/Factory Resources | -11 -10 -10 -10 -9 -8 -7 -7 -7 -7 -6 -6 -6 -6 -5 ----------- Run | Scr Mat Min Exi Min Mat Fac Low Low Dat Pro Fac Low Low Fac Matter Collected 2831 | 185 73 99 . 54 152 1068 181 98 . 394 243 284 . . Remotely . | . . . . . . . . . . . . . . . Salvage Created 4371 | . 28 220 . 96 505 1530 91 169 . 312 398 834 . 188 Parts 207 | . 2 16 . 4 32 79 2 8 . 14 17 27 . 6 Haulers Intercepted 1 | . . . . . . . . . . . 1 . . . Recyclers Shooed 3 | . . . . . 1 2 . . . . . . . . Parts Field Recycled . | . . . . . . . . . . . . . . . Retrieved Matter . | . . . . . . . . . . . . . . . Parts Self-Destructed 40 | . . . . . . . 5 3 . 14 . 18 . . Prevented 14 | . . . . . . . . 8 . 3 . 3 . . Kills | -11 -10 -10 -10 -9 -8 -7 -7 -7 -7 -6 -6 -6 -6 -5 ------- Run | Scr Mat Min Exi Min Mat Fac Low Low Dat Pro Fac Low Low Fac Combat Hostiles Destroyed 79 | . . 9 . . 10 29 2 4 . 7 7 8 . 3 Guns 71 | . . 6 . . 10 27 2 3 . 5 7 8 . 3 AOE 8 | . . 3 . . . 2 . 1 . 2 . . . . Classes Destroyed 13 | . 1 2 . 1 3 4 . 1 . . 1 . . . Worker 1 | . . . . . . 1 . . . . . . . . Tunneler 1 | . . . . . 1 . . . . . . . . . Hauler 1 | . . . . . . . . . . . 1 . . . Recycler 4 | . . . . 1 . 3 . . . . . . . . Operator 3 | . 2 . . . . 1 . . . . . . . . Swarmer 21 | . . 6 . . . 5 . 1 . 4 3 2 . . Grunt 34 | . . 3 . . 6 10 2 1 . 3 2 4 . 3 Duelist 1 | . . . . . . 1 . . . . . . . . Sentry 11 | . . . . . 3 6 . 1 . . . 1 . . Specialist 1 | . . . . . . 1 . . . . . . . . Hunter 3 | . . . . . 1 1 . . . . . 1 . . Programmer 7 | . . . . . . 5 . . . . 2 . . . Enhanced Grunt 1 | . . . . . . . . . . 1 . . . . Master Thief 1 | . . . . . . . . 1 . . . . . . Best Kill Streak 8 | . 2 3 . 1 8 8 2 3 . 4 3 8 . 3 Combat Bots Only 8 | . . 3 . . 7 7 2 3 . 4 3 8 . 3 Max Kills in Single Turn 3 | . 1 3 . 1 1 2 1 1 . 2 2 1 . 1 Gunslinging 1 | . . . . . . 1 . . . . . . . . Exploded 3 | . . 3 . . . 1 . 1 . 2 . . . . Melee . | . . . . . . . . . . . . . . . Uniques/NPCs Destroyed . | . . . . . . . . . . . . . . . Combat | -11 -10 -10 -10 -9 -8 -7 -7 -7 -7 -6 -6 -6 -6 -5 -------- Run | Scr Mat Min Exi Min Mat Fac Low Low Dat Pro Fac Low Low Fac Damage Taken 7002 | . 24 291 . 32 422 2609 60 221 . 707 329 892 16 1399 Core 1013 | . 24 21 . 11 109 255 . 17 . 58 53 77 . 388 Absorbed by Shields 394 | . . . . . . . . . . . . 312 7 75 Core Remaining (%) 78 | 100 . . . 77 80 . . . . 52 . . 84 . Volleys Fired 269 | . 11 20 . 16 28 79 4 15 . 33 11 46 6 . Largest 4 | . 2 2 . 2 2 4 4 3 . 3 4 3 2 . Hottest 170 | . 60 88 . 88 88 161 164 138 . 147 163 170 140 . Shots Fired 685 | . 22 40 . 22 52 269 16 24 . 58 43 92 10 37 Gun 670 | . 22 40 . 22 52 269 16 20 . 57 43 87 5 37 Cannon 10 | . . . . . . . . . . . . 5 5 . Launcher 5 | . . . . . . . . 4 . 1 . . . . Special . | . . . . . . . . . . . . . . . Kinetic 475 | . 11 20 . 6 24 218 12 16 . 52 22 57 . 37 Thermal 138 | . . 2 . 16 28 51 4 4 . 5 . 18 10 . Explosive . | . . . . . . . . . . . . . . . Electromagnetic 72 | . 11 18 . . . . . 4 . 1 21 17 . . Robot Hit Streak 14 | . 7 13 . 6 7 14 6 4 . 8 4 11 2 6 Robot Miss Streak 15 | . 4 4 . 1 3 15 6 7 . 14 4 3 2 5 Penetration Max 1 | . . . . . . . . . . 1 1 1 . . Secondary Targets 10 | . . 1 . . . 5 . . . 1 . 3 . . Max Gunslinging Chain 2 | . . 1 . . . 2 . . . 1 . 1 . . Autonomous 68 | . . . . . 11 20 . . . . . . . 37 Shots Hit Robots 464 | . 13 26 . 15 38 175 15 18 . 44 27 64 4 25 Core Hits 269 | . 2 15 . 9 23 100 14 13 . 32 23 29 . 9 Critical Kills 5 | . . . . . . 2 . . . . 1 2 . . Critical Parts Destroyed 5 | . . . . . . . . . . . 1 4 . . Critical Strikes 15 | . . . . . 2 2 . . . . 2 9 . . Burn 5 | . . . . . 2 . . . . . . 3 . . Destroy 10 | . . . . . . 2 . . . . 2 6 . . Melee Attacks . | . . . . . . . . . . . . . . . Impact . | . . . . . . . . . . . . . . . Slashing . | . . . . . . . . . . . . . . . Piercing . | . . . . . . . . . . . . . . . Sneak Attacks . | . . . . . . . . . . . . . . . Combat Hostiles . | . . . . . . . . . . . . . . . Follow-up Attacks . | . . . . . . . . . . . . . . . Damage Inflicted 9257 | . 204 393 . 292 885 3494 191 374 . 932 508 1183 83 718 Guns 8357 | . 141 322 . 292 885 3124 191 271 . 831 508 1023 51 718 Cannons 192 | . . . . . . . . . . . . 160 32 . Explosions 708 | . 63 71 . . . 370 . 103 . 101 . . . . Melee . | . . . . . . . . . . . . . . . Ramming . | . . . . . . . . . . . . . . . Kinetic 6058 | . 49 147 . 101 521 2451 122 218 . 798 313 620 . 718 Thermal 2065 | . 63 103 . 191 364 779 69 53 . 33 . 327 83 . Explosive 131 | . . . . . . 131 . . . . . . . . Electromagnetic 1003 | . 92 143 . . . 133 . 103 . 101 195 236 . . Impact . | . . . . . . . . . . . . . . . Slashing . | . . . . . . . . . . . . . . . Piercing . | . . . . . . . . . . . . . . . Highest Corruption 4 | . . . . . 4 3 3 3 3 3 1 1 1 . Average Corruption 2 | . . . . . 3 2 3 3 3 3 1 1 1 . Corruption Purged . | . . . . . . . . . . . . . . . Effects 67 | . . . . . . 16 12 13 3 14 6 2 1 . Message Errors 21 | . . . . . . 6 5 1 1 3 2 2 1 . Matter Fused 22 | . . . . . . 6 4 5 1 6 . . . . Heat Flow Errors 6 | . . . . . . 2 2 1 . 1 . . . . Energy Discharges 4 | . . . . . . 1 1 . . 2 . . . . Data Loss (minor) 12 | . . . . . . 1 . 6 1 1 3 . . . Weapon Failures 2 | . . . . . . . . . . 1 1 . . . Overload Shots . | . . . . . . . . . . . . . . . Overflow Damage 146 | . 29 . . . . 79 . . . . . 31 7 . Projectiles 38 | . . . . . . . . . . . . 31 7 . Explosions 108 | . 29 . . . . 79 . . . . . . . . Melee . | . . . . . . . . . . . . . . . Knockbacks . | . . . . . . . . . . . . . . . Impact . | . . . . . . . . . . . . . . . Kinetic . | . . . . . . . . . . . . . . . Secondary . | . . . . . . . . . . . . . . . Self-Inflicted Damage 165 | . 24 . . . . 136 . . . 5 . . . . Shots 5 | . 1 . . . . 3 . . . 1 . . . . Rammed . | . . . . . . . . . . . . . . . Targets Rammed . | . . . . . . . . . . . . . . . Kicked . | . . . . . . . . . . . . . . . Crushed . | . . . . . . . . . . . . . . . Highest Temperature 348 | . 52 38 . 166 18 348 158 164 . 233 105 76 82 . Average Temperature 83 | . 19 18 . 72 11 108 66 92 . 100 37 39 43 . Received Heat Transfer 1870 | . . 42 . 60 216 642 54 24 . 249 57 258 . 268 Effects 4 | . . . . . . 1 . . . 3 . . . . Energy Bleed 1 | . . . . . . 1 . . . . . . . . Interference 3 | . . . . . . . . . . 3 . . . . Siege Activations . | . . . . . . . . . . . . . . . Robots Corrupted . | . . . . . . . . . . . . . . . Combat Hostiles . | . . . . . . . . . . . . . . . Parts Fried 1 | . . . . . . . . . . . 1 . . . Impact Corruptions . | . . . . . . . . . . . . . . . Robots Melted . | . . . . . . . . . . . . . . . Combat Hostiles . | . . . . . . . . . . . . . . . Parts Melted 6 | . . 1 . . 2 1 . . . 1 . 1 . . Heat Transferred 4627 | . 100 224 . 407 925 1618 150 125 . 75 . 842 161 . Parts Sabotaged . | . . . . . . . . . . . . . . . Parts Stolen 6 | . . . . . . . . 3 . . . 2 1 . Parts Stripped . | . . . . . . . . . . . . . . . Power Chain Reactions 3 | . 2 1 . . . . . . . . . . . . Missiles Intercepted . | . . . . . . . . . . . . . . . Alert | -11 -10 -10 -10 -9 -8 -7 -7 -7 -7 -6 -6 -6 -6 -5 ------- Run | Scr Mat Min Exi Min Mat Fac Low Low Dat Pro Fac Low Low Fac Peak Influence 529 | . 70 217 . 5 310 529 . . . . 143 . . 177 Initial 49 | . . 27 . . 1 49 . . . . 37 . . . Average 135 | . 63 52 . 1 163 283 . . . . 31 . . 88 Maximum Alert Level 2 | . . 1 . . 1 2 . . . . . . . . Low Security (%) 72 | 100 100 91 . 100 56 35 . . . . 100 . . 100 Level 1 16 | . . 8 . . 43 34 . . . . . . . . Level 2 10 | . . . . . . 29 . . . . . . . . Level 3 . | . . . . . . . . . . . . . . . Level 4 . | . . . . . . . . . . . . . . . Level 5 . | . . . . . . . . . . . . . . . High Security . | . . . . . . . . . . . . . . . Max Security . | . . . . . . . . . . . . . . . Squads Dispatched 21 | . 2 1 . . 2 9 . . . . 4 . . 3 Investigation 1 | . . 1 . . . . . . . . . . . . Extermination 6 | . . . . . . 3 . . . . 3 . . . Reinforcement 9 | . 2 . . . 2 3 . . . . 1 . . 1 Assault . | . . . . . . . . . . . . . . . Garrison 5 | . . . . . . 3 . . . . . . . 2 Intercept . | . . . . . . . . . . . . . . . Construction Impeded . | . . . . . . . . . . . . . . . Haulers Reinforced . | . . . . . . . . . . . . . . . Active Scanning Responses . | . . . . . . . . . . . . . . . Cargo Convoy Interrupts . | . . . . . . . . . . . . . . . Stealth | -11 -10 -10 -10 -9 -8 -7 -7 -7 -7 -6 -6 -6 -6 -5 --------- Run | Scr Mat Min Exi Min Mat Fac Low Low Dat Pro Fac Low Low Fac Distress Signals 7 | . . . . . 5 2 . . . . . . . . Communications Jammed . | . . . . . . . . . . . . . . . Distress Signals . | . . . . . . . . . . . . . . . Times Spotted 136 | . 8 10 . 2 19 41 3 6 . 8 16 12 2 9 Peak Tracking Total 8 | . 4 3 . 6 6 5 3 3 . 3 3 8 1 4 Tactical Retreats 8 | . . . . . 2 2 . . . . 3 . . 1 Traps | -11 -10 -10 -10 -9 -8 -7 -7 -7 -7 -6 -6 -6 -6 -5 ------- Run | Scr Mat Min Exi Min Mat Fac Low Low Dat Pro Fac Low Low Fac Traps Triggered 8 | . 3 . . . 2 3 . . . . . . . . Indirectly 2 | . . . . . . 2 . . . . . . . . Trap Hack Attempts . | . . . . . . . . . . . . . . . Triggered . | . . . . . . . . . . . . . . . Disarmed . | . . . . . . . . . . . . . . . Reprogrammed . | . . . . . . . . . . . . . . . Reused . | . . . . . . . . . . . . . . . Traps Extracted . | . . . . . . . . . . . . . . . Installed . | . . . . . . . . . . . . . . . Triggered . | . . . . . . . . . . . . . . . Machines | -11 -10 -10 -10 -9 -8 -7 -7 -7 -7 -6 -6 -6 -6 -5 ---------- Run | Scr Mat Min Exi Min Mat Fac Low Low Dat Pro Fac Low Low Fac Machines Disabled 17 | . 2 . . . 1 9 . . . . . 2 . 3 Max in Single Turn 3 | . 1 . . . 1 3 . . . . . 1 . 2 Garrison Access 2 | . . . . . . 1 . . . . 1 . . . Machines Sabotaged . | . . . . . . . . . . . . . . . Garrisons Compromised . | . . . . . . . . . . . . . . . Overloaded Fab Kills . | . . . . . . . . . . . . . . . Fab Network Shutdowns . | . . . . . . . . . . . . . . . Hacking | -11 -10 -10 -10 -9 -8 -7 -7 -7 -7 -6 -6 -6 -6 -5 --------- Run | Scr Mat Min Exi Min Mat Fac Low Low Dat Pro Fac Low Low Fac Machines Accessed 16 | . . 1 1 . 3 3 2 . 4 . 2 . . . Terminals 5 | . . . . . 2 2 . . . . 1 . . . Fabricators . | . . . . . . . . . . . . . . . Repair Stations 1 | . . . . . 1 . . . . . . . . . Recycling Units . | . . . . . . . . . . . . . . . Scanalyzers . | . . . . . . . . . . . . . . . Garrison Access 2 | . . . . . . 1 . . . . 1 . . . Total Hacks 44 | . . 1 1 . 7 7 2 . 23 . 3 . . . Successful 37 | . . 1 1 . 3 5 2 . 23 . 2 . . . Failed 7 | . . . . . 4 2 . . . . 1 . . . Catastrophic 1 | . . . . . . . . . . . 1 . . . Database Lockouts . | . . . . . . . . . . . . . . . Manual 12 | . . . 1 . 5 5 . . . . 1 . . . Terminals 12 | . . . . . 5 6 . . . . 1 . . . Fabricators . | . . . . . . . . . . . . . . . Repair Stations 2 | . . . . . 2 . . . . . . . . . Recycling Units . | . . . . . . . . . . . . . . . Scanalyzers . | . . . . . . . . . . . . . . . Garrison Access 3 | . . . . . . 1 . . . . 2 . . . Terminal Hacks 32 | . . 1 1 . . 4 2 . 23 . 1 . . . Record 8 | . . . . . . . . . 8 . . . . . Part Schematic 6 | . . . . . . . . . 6 . . . . . Robot Schematic 6 | . . . . . . . . . 6 . . . . . Prototype ID Bank 4 | . . . . . . 1 . . 3 . . . . . Open Door 3 | . . 1 . . . . 2 . . . . . . . Branch Access Points 2 | . . . . . . 1 . . . . 1 . . . Hauler Manifests 2 | . . . . . . 2 . . . . . . . . EX-Prototype ID Bank 1 | . . . 1 . . . . . . . . . . . Fabricator Hacks . | . . . . . . . . . . . . . . . Repair Station Hacks 1 | . . . . . 1 . . . . . . . . . Scan Component 1 | . . . . . 1 . . . . . . . . . Recycling Unit Hacks . | . . . . . . . . . . . . . . . Scanalyzer . | . . . . . . . . . . . . . . . Garrison Access Hacks 2 | . . . . . . 1 . . . . 1 . . . Seal Access 2 | . . . . . . 1 . . . . 1 . . . Unauthorized Hacks 2 | . . . . . 2 . . . . . . . . . Terminals 2 | . . . . . 2 . . . . . . . . . Assimilate 2 | . . . . . 2 . . . . . . . . . Fabricators . | . . . . . . . . . . . . . . . Repair Stations . | . . . . . . . . . . . . . . . Recycling Units . | . . . . . . . . . . . . . . . Scanalyzers . | . . . . . . . . . . . . . . . Garrison Access . | . . . . . . . . . . . . . . . Data Cores Recovered . | . . . . . . . . . . . . . . . Used . | . . . . . . . . . . . . . . . Hacking Detections 4 | . . . . . 1 1 . . . . 2 . . . Full Trace Events . | . . . . . . . . . . . . . . . Feedback Events . | . . . . . . . . . . . . . . . Feedback Blocked . | . . . . . . . . . . . . . . . Robot Schematics Acquired 6 | . . . . . . . . . 6 . . . . . Robots Built . | . . . . . . . . . . . . . . . Matter . | . . . . . . . . . . . . . . . Time . | . . . . . . . . . . . . . . . Total Robot Build Rating . | . . . . . . . . . . . . . . . Part Schematics Acquired 6 | . . . . . . . . . 6 . . . . . Parts Built . | . . . . . . . . . . . . . . . Matter . | . . . . . . . . . . . . . . . Time . | . . . . . . . . . . . . . . . Total Part Build Rating . | . . . . . . . . . . . . . . . Parts Repaired . | . . . . . . . . . . . . . . . Time . | . . . . . . . . . . . . . . . Parts Recycled . | . . . . . . . . . . . . . . . Recycled Matter . | . . . . . . . . . . . . . . . Retrieved Matter . | . . . . . . . . . . . . . . . Retrieved Components . | . . . . . . . . . . . . . . . Parts Scanalyzed . | . . . . . . . . . . . . . . . Part Schematics Acquired . | . . . . . . . . . . . . . . . Parts Damaged . | . . . . . . . . . . . . . . . Bothacking | -11 -10 -10 -10 -9 -8 -7 -7 -7 -7 -6 -6 -6 -6 -5 ------------ Run | Scr Mat Min Exi Min Mat Fac Low Low Dat Pro Fac Low Low Fac Used RIF Installer . | . . . . . . . . . . . . . . . Robots Hacked . | . . . . . . . . . . . . . . . Non-combat . | . . . . . . . . . . . . . . . Combat . | . . . . . . . . . . . . . . . Robot Hacks Applied . | . . . . . . . . . . . . . . . Relay Couplers Released 3 | . . . . . . 3 . . . . . . . . Programmers 3 | . . . . . . 3 . . . . . . . . Robots Rewired . | . . . . . . . . . . . . . . . Allies Hacked . | . . . . . . . . . . . . . . . Hacks Repelled . | . . . . . . . . . . . . . . . Allies | -11 -10 -10 -10 -9 -8 -7 -7 -7 -7 -6 -6 -6 -6 -5 -------- Run | Scr Mat Min Exi Min Mat Fac Low Low Dat Pro Fac Low Low Fac Total Allies 3 | . . 1 . . 1 . . . . 1 . . . . Largest Group 1 | . . 1 . . 1 . . . . 1 . . . . Highest-Rated Group 95 | . . 31 . . 10 . . . . 95 . . . . Highest-Rated Ally 95 | . . 31 . . 10 . . . . 95 . . . . Total Orders . | . . . . . . . . . . . . . . . Ally Attacks 19 | . . 9 . . . . . . . 10 . . . . Total Damage 320 | . . 42 . . . . . . . 278 . . . . Kills 4 | . . 1 . . . . . . . 3 . . . . Allies Corrupted . | . . . . . . . . . . . . . . . Allies Melted . | . . . . . . . . . . . . . . . Intel | -11 -10 -10 -10 -9 -8 -7 -7 -7 -7 -6 -6 -6 -6 -5 ------- Run | Scr Mat Min Exi Min Mat Fac Low Low Dat Pro Fac Low Low Fac Robot Analysis Total . | . . . . . . . . . . . . . . . Derelict Logs Recovered 7 | . . 1 . 1 . . . 2 . 3 . . . . Drone Launches . | . . . . . . . . . . . . . . . Drone Recoveries . | . . . . . . . . . . . . . . . Exploration | -11 -10 -10 -10 -9 -8 -7 -7 -7 -7 -6 -6 -6 -6 -5 ------------- Run | Scr Mat Min Exi Min Mat Fac Low Low Dat Pro Fac Low Low Fac Turns Passed 10711 | 2 360 1332 435 377 459 2405 550 832 116 786 1601 991 141 324 Spaces Moved 6232 | 2 234 765 322 234 188 1367 426 634 95 501 1004 311 34 115 Core 12 | . . . . . . . . . . . . . . 12 Treads 1173 | . 90 765 164 . 137 17 . . . . . . . . Legs 4597 | 2 144 . . . . 1350 426 634 95 501 1004 311 34 96 Wheels 443 | . . . 158 234 51 . . . . . . . . . Hover 7 | . . . . . . . . . . . . . . 7 Flight . | . . . . . . . . . . . . . . . Fastest Speed 105 | 120 120 160 105 105 105 123 123 123 123 123 120 200 360 200 Average Speed 149 | 120 135 160 133 105 159 143 123 123 123 134 147 276 360 272 Slowest Speed 600 | 120 160 160 160 105 260 290 123 123 123 205 205 360 360 600 Overloaded Moves . | . . . . . . . . . . . . . . . Propulsion Burnouts . | . . . . . . . . . . . . . . . Robots Hopped 4 | . . . . . . . 4 . . . . . . . Cave-ins Triggered . | . . . . . . . . . . . . . . . Exploration Rate (%) 41 | 2 40 99 64 47 15 28 50 69 74 57 24 44 5 4 Regions Visited 14 Branch Regions 9 Pre-discovered Areas 4 | . . 1 . 1 . . . 1 1 . . . . . Known Exits Taken 4 | . . . . . 1 1 . 1 . . 1 . . . Unknown Exits Taken 10 | 1 1 1 1 1 . . 1 . 1 1 . 1 1 . Scrap Searched 12 | . . 1 . 1 . . 1 4 . 2 . 3 . . Spaces Dug . | . . . . . . . . . . . . . . . Terrain Destroyed 97 | . . 3 . . 3 50 . . . 1 . 2 4 34 Melee . | . . . . . . . . . . . . . . . Projectile 27 | . . . . . 3 10 . . . 1 . 1 4 8 AOE 69 | . . 3 . . . 40 . . . . . . . 26 Terrain Rammed . | . . . . . . . . . . . . . . . Walls Destroyed . | . . . . . . . . . . . . . . . Machines Disabled . | . . . . . . . . . . . . . . . Actions | -11 -10 -10 -10 -9 -8 -7 -7 -7 -7 -6 -6 -6 -6 -5 --------- Run | Scr Mat Min Exi Min Mat Fac Low Low Dat Pro Fac Low Low Fac Total 7108 | 1 256 835 330 342 307 1648 437 666 94 557 1097 367 47 124 Wait 421 | . . 43 . 90 77 138 8 . . 17 48 . . . Move 6210 | 1 233 764 321 233 187 1366 417 633 94 500 1003 310 33 115 Hop 4 | . . . . . . . 4 . . . . . . . Pick Up 36 | . 1 2 3 . . 10 1 6 . . 5 4 4 . Fast Attach 63 | . 5 1 . . 7 24 . 3 . 6 11 3 . 3 Attach 18 | . . . 2 . 3 8 . . . . . . . 5 Detach 6 | . 1 . . . 2 2 . . . . . . . 1 Swap 20 | . 2 4 . 2 . 5 1 1 . . 5 . . . Drop 60 | . 3 1 4 . 3 16 2 8 . 1 14 4 4 . Fire 269 | . 11 20 . 16 28 79 4 15 . 33 11 46 6 . Melee . | . . . . . . . . . . . . . . . Ram . | . . . . . . . . . . . . . . . Kick . | . . . . . . . . . . . . . . . Crush . | . . . . . . . . . . . . . . . Escape Stasis . | . . . . . . . . . . . . . . . Rewire 1 | . . . . 1 . . . . . . . . . . Trap . | . . . . . . . . . . . . . . . Miscellaneous . | . . . . . . . . . . . . . . . Route ------- -11/Scrapyard -10/Materials (discovered 2 exits: [*Mat] / *Min) -10/Mines (discovered 3 exits: [*Mat x2] / *Exi) -10/Exiles -9/Mines -8/Materials -7/Factory (discovered 3 exits: *Fac / *Low x2) -7/Lower Caves -7/Lower Caves -7/Data Miner -6/Proximity Caves -6/Factory (discovered 4 exits: *Low x2 / Ext x2) -6/Lower Caves -6/Lower Caves -5/Factory History --------- Turn | Location | Event 1 | -11/Scrapyard | Discovered new exit (range 1) 3 | -11/Scrapyard | Entered Materials 103 | -10/Materials | Discovered new exit (range 16) 128 | -10/Materials | Found Prototype Device 128 | -10/Materials | Identified AS-neutralizer No. 17b 139 | -10/Materials | Discovered new exit (range 15) 315 | -10/Materials | Build established: Mutant 363 | -10/Materials | Entered Mines 643 | -10/Mines | Discovered new exit (range 7) 648 | -10/Mines | Learned 2 Materials zone layouts 654 | -10/Mines | Escorted by a lone wolf Derelict 674 | -10/Mines | Learned location of Storage (-9) 862 | -10/Mines | Discovered new exit (range 13) 959 | -10/Mines | Discovered new exit (range 12) 1179 | -10/Mines | Received a Rocket Launcher from a helpful Derelict 1240 | -10/Mines | Met a Derelict shopkeep closing up shop 1673 | -10/Mines | Deemed a non-threat by the Exiles lab entrance 1695 | -10/Mines | Entered Exiles 1695 | -10/Exiles | Accompanied by 1 ally 1751 | -10/Exiles | Met 8R-AWN 1785 | -10/Exiles | Met EX-HEX 1854 | -10/Exiles | Met EX-BIN 1894 | -10/Exiles | Aligned with FarCom system 1895 | -10/Exiles | Given EX-Vault access code 1940 | -10/Exiles | Opened EX-Vault 1965 | -10/Exiles | Found AWS/Gauss 1969 | -10/Exiles | Found Army-in-a-Box 1978 | -10/Exiles | Found Latent Energy Streamer 2004 | -10/Exiles | Warned to stay clear of 0b10 Research branches 2042 | -10/Exiles | Met EX-DEC 2110 | -10/Exiles | Discovered new exit (range 14) 2130 | -10/Exiles | Stole three prototypes: Army-in-a-Box, Latent Energy Streamer, AWS/Gauss 2130 | -10/Exiles | Entered Mines 2243 | -9/Mines | Assembled infested the area 2456 | -9/Mines | Discovered new exit (range 15) 2507 | -9/Mines | Entered Materials 2507 | -8/Materials | Evolved 4 slots: Utility x2, Weapon x2 2508 | -8/Materials | Identified exit to Factory 2754 | -8/Materials | Destroyed 7 combat bots 2966 | -8/Materials | Entered Factory 2966 | -7/Factory | Evolved 2 slots: Power x1, Propulsion x1 2968 | -7/Factory | FarCom data flow suspended 3835 | -7/Factory | Identified exit to Lower Caves 3877 | -7/Factory | Build established: Hacker-Gunner 4214 | -7/Factory | Destroyed 7 combat bots 4220 | -7/Factory | Lost 8 parts (2p1n2u3w) 4493 | -7/Factory | Garrison activated, responded to threat 4635 | -7/Factory | Build established: Scavenger-Tank 5337 | -7/Factory | Discovered new exit (range 9) 5371 | -7/Factory | Entered Lower Caves 5469 | -7/Lower Caves | Found Prototype Device 5525 | -7/Lower Caves | Build established: Scavenger-Skirmisher 5912 | -7/Lower Caves | Discovered new exit (range 6) 5921 | -7/Lower Caves | Entered another Lower Caves area 6238 | -7/Lower Caves | Attracted the attention of an 0b10 checkpoint 6554 | -7/Lower Caves | Identified exit to Data Miner 6668 | -7/Lower Caves | Spotted LC-YKB(f) 6668 | -7/Lower Caves | Spotted GM-UW2(f) 6669 | -7/Lower Caves | Spotted UL-14K(f) 6670 | -7/Lower Caves | Encountered a Master Thief 6670 | -7/Lower Caves | Encountered a Master Thief 6670 | -7/Lower Caves | Encountered a Master Thief 6673 | -7/Lower Caves | Gatling Laser stolen by Master Thief 6676 | -7/Lower Caves | Destroyed GM-UW2(f) 6678 | -7/Lower Caves | Hvy. Machine Gun stolen by Master Thief 6685 | -7/Lower Caves | Adv. Heat Sink stolen by Master Thief 6753 | -7/Lower Caves | Entered Data Miner 6753 | -7/Data Miner | Discovered new exit (range 6) 6769 | -7/Data Miner | Met Data Miner 6808 | -7/Data Miner | Acquired the access code to Warlord's prototype stash 6808 | -7/Data Miner | Learned location of Section 7 (-2) 6829 | -7/Data Miner | Received God Mode back door access code from Data Miner 6869 | -7/Data Miner | Entered Proximity Caves 6953 | -6/Proximity Caves | Escorted by Enhanced Grunt 6982 | -6/Proximity Caves | Attracted the attention of an 0b10 checkpoint 7074 | -6/Proximity Caves | Found Prototype Device 7074 | -6/Proximity Caves | Identified Exp. Thermal Shield 7173 | -6/Proximity Caves | Received a Behemoth hack from an annoying Tinkerer 7189 | -6/Proximity Caves | Learned Factory garrison access intel 7346 | -6/Proximity Caves | Build established: Scavenger-Mutant 7379 | -6/Proximity Caves | Learned 8 Factory zone layouts 7499 | -6/Proximity Caves | Learned Factory terminal intel 7615 | -6/Proximity Caves | Discovered new exit (range 12) 7655 | -6/Proximity Caves | Entered Factory 7655 | -6/Factory | Evolved 2 slots: Propulsion x1, Utility x1 7657 | -6/Factory | Loaded intel: 21 terminal locations 7658 | -6/Factory | Loaded intel: 4 garrison access locations 7973 | -6/Factory | Build established: Scavenger-Tank 8331 | -6/Factory | Build established: Tank 8957 | -6/Factory | Identified exit to Lower Caves 8957 | -6/Factory | Identified exit to Extension 9231 | -6/Factory | Spotted B-75 Beast 9256 | -6/Factory | Entered Lower Caves 9256 | -6/Lower Caves | Spotted FA-0M0(f) 9256 | -6/Lower Caves | Spotted QY-HZT(f) 9257 | -6/Lower Caves | Encountered a Master Thief 9257 | -6/Lower Caves | Encountered a Master Thief 9263 | -6/Lower Caves | Exp. Thermal Shield stolen by Master Thief 9277 | -6/Lower Caves | Enh. Flexi-carbon Leg stolen by Master Thief 9418 | -6/Lower Caves | Encountered a Warlord checkpoint 9587 | -6/Lower Caves | Attracted the attention of an 0b10 base 9676 | -6/Lower Caves | Destroyed 8 combat bots 9685 | -6/Lower Caves | Lost 4 parts (1n1u2w) 10207 | -6/Lower Caves | Discovered new exit (range 5) 10247 | -6/Lower Caves | Entered another Lower Caves area 10247 | -6/Lower Caves | Spotted V2-QI9(f) 10248 | -6/Lower Caves | Encountered a Master Thief 10261 | -6/Lower Caves | Hvy. Plasma Cannon stolen by Master Thief 10270 | -6/Lower Caves | Build established: Mutant 10313 | -6/Lower Caves | Discovered new exit (range 15) 10388 | -6/Lower Caves | Entered Factory 10388 | -5/Factory | Evolved 2 slots: Propulsion x1, Utility x1 10492 | -5/Factory | Identified Heart of Steel 10552 | -5/Factory | Lost 9 parts (2p2n3u2w) 10712 | -5/Factory | Self-destructed Last Messages --------------- 10686_ ALERT: Hostiles spotted, dispatching reinforcements to Terminal F009. 10688_ Y-64 Sentinel emerges from the garrison. 10694_ Slug penetrates Wall. 10696_ Connecting with Scanalyzer... 10696_ Current location identified: Factory 10701_ Slug penetrates Wall. 10702_ Destroyed Imp. Hover Unit. 10702_ Slug penetrates Wall. 10705_ Penetrated by Slug. 10706_ Destroyed Lgt. Deuterium Engine. 10708_ Slug penetrates Wall. 10708_ Critical hit (Destroy). 10708_ AWS/Gauss destroyed. 10708_ Penetrated by Slug. 10711_ Slug penetrates Wall. 10711_ Penetrated by Slug. 10711_ Slug penetrates Wall. 10712_ Y-64 Sentinel emerges from the garrison. 10712_ Penetrated by Slug. Map ----- +----------------------------------------------------+ | #??????????????????????????????????????????????? | | #??????????????????????????????????????????????? | | ##########+####??????????????????????????????????? | | #??????????????????????????????????? | | ^ #??????????????????????????????????? | | """ """ """ #??????????????????????????????????? | | """ """^""" #??????????????????????????????????? | | """ """ """ #??????????????????????????????????? | | ^ #??????????????????????????????????? | | """ """ """ ########???????????????????????????? | | """ """ """ #???????????????????????????? | | %""" """ """ #???????????????????????????? | | *%! #???????????????????????????? | | % #???????????????????????????? | | %! #???????????????????????????? | | ################ #???????????????????????????? | | #?# ] # ########????????????????????? | | #?# # #????????????????????? | | #?????"" """ + #????????????????????? | | ?????"" """ # #????????????????????? | | ##????"" """ # #????????????????????? | | #????? # #????????????????????? | | #????? """ ######## #????????????????????? | | #???? """ # # ########?????????????? | | #??? """ # "" ; #?????????????? | | #???"T" # "" + @ #?????????????? | | #???????? # "" # """" #?????????????? | | #???????? # S #hYh """" #?????????????? | | #???????#####+## "" ; """" #?????????????? | | ???????????????# "" # """" #?????????????? | | ???????????????# "" # """"???#?????????????? | | ???????????????# # """?????????????????? | | ???????????????# # """?????????????????? | | ???????????????# # ?????????????????? | | ???????????????#!! # ?????????????????? | | ????????????????!! # ?????????????????? | | ???????????????######## ????????????????? | | ??????????????????????# ????????????????? | | ?????????????????????? "Y" R?????????????????? | | ?????????????????????? "G" ???????????????????? | | ??????????????????????? ??? ????????????????????? | | ?????????????????????????????????????????????????? | | ?????????????????????????????????????????????????? | | ?????????????????????????????????????????????????? | | ?????????????????????????????????????????????????? | | ?????????????????????????????????????????????????? | | ?????????????????????????????????????????????????? | | ?????????????????????????????????????????????????? | | ?????????????????????????????????????????????????? | | ?????????????????????????????????????????????????? | +----------------------------------------------------+ Best States ------------- Heat Dissipation 67 Energy Generation 31 Energy Capacity 370 Matter Stores 300 Matter Capacity 300 Sight Range 22 Robot Scan Range 15 Terrain Scan Density 10 Armor Coverage 600 Resistance: KI 20 Resistance: TH 30 Weapon Shielding 66 Evasion (%) 55 Recoil Reduction 2 Offensive Hacking 22 Defensive Hacking 12 Item Schematics ----------------- Combat Drone Bay | -7/Data Miner | Free Lgt. Regenerative Plating | -7/Data Miner | Free Exp. Transmission Jammer | -7/Data Miner | Free Exp. ECM Suite | -7/Data Miner | Free Cloaking Device | -7/Data Miner | Free Kinetic Spear | -7/Data Miner | Free Robot Schematics ------------------ G-50 Soldier | -7/Data Miner | Free G-67 Veteran | -7/Data Miner | Free P-70 Sage | -7/Data Miner | Free I-36 Angel | -7/Data Miner | Free I-47 Archangel | -7/Data Miner | Free S-27 Virus | -7/Data Miner | Free Fabricated ------------ Nothing Alien Tech Used ----------------- None Achievements -------------- None Challenges ------------ None Game ------ Seed HardcellAssaultBox Manual? 0 Play Time 01:07:29 Cumulative 37.1 hours Start 2021.10.19 @ 13:47:49 End 2021.10.19 @ 15:15:50 Sessions 1 Manual Loads 0 Difficulty Rogue Special Mode None Game No. 46 Rogue 15 Adventurer 25 Explorer 6 Win Type - Total 0 Types 0/0/0/0/0/0/0/0/0 Lore% 21 Gallery% 45 Achievement% 55 Wizard Run 0 Options --------- ASCII 0 Keyboard 0 Movement Arrows Keybinds 0 Fullscreen 1 Font 18/SmallcapsGlow Map View 76x50 Tactical HUD 1 Map Filters NONE Filters NONE Steam 1 RUN: 36c731f3-a135-47af-b676-b24db393e725